 Dungeon Crawl Stone Soup version 0.18-b1-14-g029dad2 (webtiles) character file.

3383 bod the Thaumaturge (level 9, -5/54 HPs)
             Began as a High Elf Wizard on Apr 29, 2016.
             Killed from afar by a gargoyle (10 damage)
             ... with a stone arrow
             ... on level 8 of the Dungeon on Apr 30, 2016.
             The game lasted 17:28:43 (15884 turns).

bod the Thaumaturge (High Elf Wizard)              Turns: 15884, Time: 17:28:44

Health: -5/54      AC: 11    Str:  9    XL:     9   Next: 74%
Magic:  21/24      EV: 14    Int: 25    God:
Gold:   556        SH:  0    Dex: 15    Spells: 8 memorised, 11 levels left

rFire  + . .     SeeInvis .     j - +4 rapier (drain)
rCold  . . .     Gourm    .     w - +1 leather armour {rF+}
rNeg   . . .     Faith    .     (no shield)
rPois  .         Spirit   .     q - +2 helmet
rElec  .         Dismiss  .     d - +1 cloak of Decompression {Str+3}
rCorr  +         Reflect  .     p - +1 pair of gloves
SustAt .         Harm     .     (no boots)
MR     .....                    J - amulet of rage
Stlth  ++........               (no ring)
                                o - ring of resist corrosion

@: very slightly contaminated, hasted, very quick, not resistant to hostile
enchantments, unstealthy
A: talons 1
a: Evoke Berserk Rage


You were on level 8 of the Dungeon.
You were not hungry.

You visited 2 branches of the dungeon, and saw 9 of its levels.

You collected 556 gold pieces.

Inventory:

Hand Weapons
 b - a +1 hunting sling
 j - a +4 rapier of draining (weapon)
 k - a +1 dagger of speed
 z - a +3 quarterstaff of chaos
 M - a +0 falchion of flaming
Missiles
 i - 316 stones (quivered)
 s - 4 throwing nets
 t - 38 sling bullets
 u - 120 arrows
 D - 5 curare-tipped needles
 N - 16 poisoned needles
 Q - 2 exploding tomahawks
 R - 4 tomahawks
Armour
 d - the +1 cloak of Decompression (worn) {Str+3}
   (You found it on level 6 of the Dungeon)

   It affects your strength (+3).
 p - a +1 pair of gloves (worn)
 q - a +2 helmet (worn)
 w - a +1 leather armour of fire resistance (worn)
Magical Staves
 H - an uncursed staff of wizardry
Jewellery
 f - an uncursed ring of ice
 o - a ring of resist corrosion (left hand)
 J - an amulet of rage (around neck)
Wands
 r - a wand of flame (21/48)
 A - a wand of lightning (8/15)
Scrolls
 e - 4 scrolls of remove curse
 l - a scroll of teleportation
 m - a scroll of identify
 y - 5 scrolls of random uselessness
 C - a scroll of fear {unknown}
 E - 3 scrolls of amnesia
 I - 2 scrolls of magic mapping
 K - a scroll of noise {unknown}
 L - a scroll of fog {unknown}
 X - a scroll of enchant armour {unknown}
Potions
 h - a potion of brilliance
 n - a potion of lignification
 v - 2 potions of agility
 F - 3 potions of cure mutation
 G - 2 potions of flight
Books
 c - a book of Minor Magic

   Spells                             Type                      Level
   a - Magic Dart                     Conjuration                  1
   b - Blink                          Translocation                2
   c - Call Imp                       Summoning                    2
   d - Repel Missiles                 Charms/Air                   2
   e - Slow                           Hexes                        2
   f - Conjure Flame                  Conjuration/Fire             3
   g - Mephitic Cloud                 Conjuration/Poison/Air       3
 g - a book of Battle

   Spells                             Type                      Level
   a - Infusion                       Charms                       1
   b - Shroud of Golubria             Charms/Translocation         2
   c - Song of Slaying                Charms                       2
   d - Spectral Weapon                Hexes/Charms                 3
   e - Regeneration                   Charms/Necromancy            3
 W - a Young Poisoner's Handbook

   Spells                             Type                      Level
   a - Sting                          Conjuration/Poison           1
   b - Cure Poison                    Poison                       2
   c - Mephitic Cloud                 Conjuration/Poison/Air       3
   d - Olgreb's Toxic Radiance        Poison                       4
   e - Venom Bolt                     Conjuration/Poison           5
Comestibles
 a - 2 bread rations
 x - 18 fruits
 O - 4 chunks of flesh
 P - 7 slices of pizza
 Z - 2 beef jerkies


   Skills:
 + Level 2.0 Fighting
 + Level 2.6 Short Blades
 + Level 1.7 Slings
 + Level 2.2 Armour
 + Level 5.0 Dodging
 + Level 3.8 Stealth
 + Level 10.1 Spellcasting
 + Level 7.5 Conjurations
 + Level 0.2 Charms
 + Level 3.5 Summonings
 + Level 1.2 Translocations
 + Level 1.5 Fire Magic


You had 11 spell levels left.
You knew the following spells:

 Your Spells              Type           Power        Failure   Level  Hunger
a - Magic Dart            Conj           ####         1%          1    None
b - Blink                 Tloc           N/A          8%          2    None
c - Call Imp              Summ           ####....     2%          2    None
d - Conjure Flame         Conj/Fire      #####...     3%          3    None
e - Mephitic Cloud        Conj/Pois/Air  ####....     10%         3    None
f - Regeneration          Chrm/Necr      ##........   21%         3    None
g - Sting                 Conj/Pois      ####         1%          1    None
h - Cure Poison           Pois           ##........   12%         2    None


Dungeon Overview and Level Annotations

Branches:
Dungeon (8/15)             Temple (1/1) D:6
   Lair: D:8-11

Altars:
Ashenzari
Cheibriados
Dithmenos
Fedhas
Kikubaaqudgha
Nemelex Xobeh
Pakellas
Qazlal
Ru
Trog
Xom
Yredelemnul
Zin
The Shining One

Shops:
D:4 }   D:5 }   D:6 *   D:7 ?

Annotations:
D:2 exclusion: oklob plant


Innate Abilities, Weirdness & Mutations

You have sharp toenails.


Message History

The gargoyle hits you with a mace!
You hit the gargoyle but do no damage.
The gargoyle is moderately damaged.
The gargoyle barely misses you.
You hit the gargoyle but do no damage. Your kick misses the gargoyle.
The gargoyle is moderately damaged.
Your skin stops crawling.
The gargoyle hits you with a mace.
You hit the gargoyle but do no damage.
The gargoyle is moderately damaged.
The gargoyle hits you with a mace!
* * * LOW HITPOINT WARNING * * *
Drink which item? (? for menu, Esc to quit)
You feel yourself speed up.
You are very lightly contaminated with residual magic.
You puncture the gargoyle!
The gargoyle is heavily damaged.
The gargoyle hurls a stone arrow at you.
The stone arrow hits you!
You die...

#.#######.####.## # ###
###.##............###
%.........#########^....
#.###.##.#########..###
#######
##9#.#...................
......#
#.###.......###.###...###
#####.# ##5#.#.....?#
#...# # ...##.#
##.###9##..###.###...#
...##.#
#####..@#............##
...##.#
#...........##.###....##
#.###.# #.###...##..##
#...... #.###.# #.# #..##
.##.###....## ......# #.#
#.## ........#####
#.##### #.# #.#
.##.......... #.#
###.###<# ########### #.#
#.....#.#
#.######.....#.# #


You could see a gargoyle.

Vanquished Creatures
  Prince Ribbit (D:6)
  2 yaks (D:8)
  Eustachio (D:6)
  A water moccasin (D:5)
  2 ice beasts
  4 ogres
  A phantom (D:4)
  A centaur (D:8)
  2 big kobolds (D:8)
  3 giant frogs (D:7)
  A gnoll sergeant (D:8)
  5 scorpions
  A howler monkey (D:8)
  2 crimson imps
  A giant frog zombie (D:8)
  5 hounds
  5 orc wizards
  Crazy Yiuf (D:6)
  2 orc priests (D:8)
  3 worker ants
  2 iguanas
  2 sheep (D:8)
  3 hound zombies
  A hound skeleton (D:8)
  12 gnolls
  7 adders
  A howler monkey skeleton (D:5)
  5 shadow imps
  An ooze (D:1)
  A worm (D:2)
  9 dart slugs
  2 giant geckos
  24 orcs
  2 ball pythons
  10 bats
  2 giant cockroaches
  7 goblins
  7 hobgoblins
  A jackal (D:3)
  A giant gecko skeleton (D:5)
  5 giant newts
  10 kobolds
  A quokka skeleton (D:7)
  8 rats
168 creatures vanquished.

Vanquished Creatures (collateral kills)
  Duvessa (D:6)
  An ogre (D:6)
  Dowan (D:6)
  2 crimson imps
  A giant frog zombie (D:8)
  An orc priest (D:6)
  Terence (D:3)
  2 worker ants
  An adder (D:8)
  A shadow imp (D:7)
  2 worms (D:2)
  A dart slug (D:1)
  4 orcs
  A hobgoblin (D:2)
20 creatures vanquished.

Grand Total: 188 creatures vanquished

Notes
Turn   | Place    | Note
--------------------------------------------------------------
     0 | D:1      | bod the High Elf Wizard began the quest for the Orb.
     0 | D:1      | Reached XP level 1. HP: 11/11 MP: 6/6
   170 | D:1      | Reached skill level 4 in Spellcasting
   407 | D:1      | Reached XP level 2. HP: 14/17 MP: 4/8
   470 | D:1      | Learned a level 2 spell: Blink
   473 | D:1      | Learned a level 2 spell: Call Imp
  1366 | D:2      | Reached XP level 3. HP: 21/21 MP: 3/9
  2039 | D:2      | Found a sacrificial altar of Ru.
  2196 | D:2      | Found an ancient bone altar of Kikubaaqudgha.
  2242 | D:2      | Found a blossoming altar of Fedhas.
  2254 | D:2      | Noticed an oklob plant
  2743 | D:3      | Noticed Terence
  2778 | D:3      | HP: 1/21 [Terence/morningstar (6)]
  2789 | D:3      | Killed Terence
  2789 | D:3      | Reached skill level 1 in Summonings
  2789 | D:3      | Reached XP level 4. HP: 3/27 MP: 1/11
  3110 | D:3      | Learned a level 3 spell: Conjure Flame
  4374 | D:3      | Reached skill level 5 in Spellcasting
  4760 | D:3      | Found a shadowy altar of Dithmenos.
  5831 | D:3      | Learned a level 3 spell: Mephitic Cloud
  6002 | D:3      | Reached XP level 5. HP: 31/31 MP: 6/13
  6616 | D:4      | Got a spiked chain mail
  7134 | D:4      | Noticed a phantom
  7322 | D:3      | Gained mutation: You have sharp toenails. [potion of beneficial mutation]
  7544 | D:4      | Killed a phantom
  7544 | D:4      | Reached skill level 6 in Spellcasting
  7544 | D:4      | Reached XP level 6. HP: 29/37 MP: 12/16
  7713 | D:4      | Learned a level 3 spell: Regeneration
  7854 | D:4      | Found an oddly glowing altar of Pakellas.
  7854 | D:4      | Found Pakellas's Prime Provisions.
  7921 | D:5      | Entered Level 5 of the Dungeon
  7921 | D:5      | Noticed a water moccasin
  7985 | D:5      | Killed a water moccasin
  7985 | D:5      | Reached skill level 1 in Slings
  8747 | D:5      | Reached XP level 7. HP: 42/42 MP: 11/17
  9294 | D:5      | Found Sargh's Gadget Shop.
  9762 | D:6      | Noticed Dowan
  9765 | D:6      | Noticed Duvessa
  9778 | D:6      | Killed Duvessa
  9778 | D:6      | Reached skill level 7 in Spellcasting
  9781 | D:6      | Killed Dowan
 10319 | D:6      | Noticed Prince Ribbit
 10320 | D:6      | Got a spiked cloak
 10342 | D:6      | Killed Prince Ribbit
 10342 | D:6      | Reached XP level 8. HP: 47/47 MP: 3/20
 10460 | D:6      | Identified the +1 cloak of Decompression {Str+3} (You found it on level 6 of the Dungeon)
 10520 | D:6      | Noticed Eustachio
 10638 | D:6      | Found Jaetih's General Store.
 10647 | D:6      | Found a staircase to the Ecumenical Temple.
 10709 | Temple   | Entered the Ecumenical Temple
 11500 | D:6      | Reached skill level 8 in Spellcasting
 11780 | D:6      | Learned a level 1 spell: Sting
 11783 | D:6      | Learned a level 2 spell: Cure Poison
 11851 | D:6      | Killed Eustachio
 11992 | D:6      | Noticed Crazy Yiuf
 12002 | D:6      | Killed Crazy Yiuf
 12002 | D:6      | Reached skill level 1 in Short Blades
 12231 | D:7      | Found Diethyunk's Magic Scroll Shop.
 12263 | D:7      | Reached skill level 1 in Fighting
 12387 | D:7      | Upgraded the game from 0.18-b1-10-g3f7de93 to 0.18-b1-14-g029dad2
 12546 | D:7      | Reached skill level 5 in Conjurations
 12553 | D:7      | Reached skill level 1 in Armour
 12731 | D:7      | Reached skill level 9 in Spellcasting
 13065 | D:7      | Reached XP level 9. HP: 53/53 MP: 21/23
 13675 | D:8      | Reached skill level 1 in Fire Magic
 13812 | D:8      | Noticed a three-headed hydra
 14564 | D:8      | Noticed a gargoyle
 14660 | D:8      | HP: 2/54 [orc priest/divine providence (11)]
 15051 | D:8      | Reached skill level 5 in Dodging
 15449 | D:8      | Reached skill level 10 in Spellcasting
 15884 | D:8      | Killed from afar by a gargoyle

Skill      XL: |  1  2  3  4  5  6  7  8  9 |
---------------+----------------------------+-----
Spellcasting   | 4 5 6 7 9 10 | 10.1
Conjurations   | 2 3 4 5 7 |  7.5
Summonings     | 1 2 3 |  3.5
Dodging        | 3 4 5 |  5.0
Stealth        | 3 |  3.8
Slings         | 1 |  1.7
Short Blades   | 2 |  2.6
Fighting       | 1 2 |  2.0
Armour         | 1 2 |  2.2
Fire Magic     | 1 |  1.5
Charms         | |  0.2
Translocations | |  1.2

Action                   |  1- 3 |  4- 6 |  7- 9 || total
-------------------------+-------+-------+-------++-------
Melee: Short sword       |    16 |    91 |       ||   107
       Falchion          |       |    28 |       ||    28
       Kick              |       |     3 |    25 ||    28
       Rapier            |       |       |   131 ||   131
       Staff             |       |       |     8 ||     8
 Fire: Hunting sling     |       |    32 |       ||    32
 Cast: Magic Dart        |    87 |   170 |   387 ||   644
       Call Imp          |     6 |    26 |    29 ||    61
       Blink             |     1 |     2 |     2 ||     5
       Conjure Flame     |       |     3 |    22 ||    25
       Regeneration      |       |     1 |     2 ||     3
Evoke: Wand              |       |       |     9 ||     9
  Use: Scroll            |     1 |    10 |    13 ||    24
       Potion            |       |     4 |    11 ||    15
 Stab: Invisible         |       |       |     1 ||     1
  Eat: Chunk             |     4 |     3 |    14 ||    21
       Meat ration       |     1 |       |     1 ||     2
       Bread ration      |       |     3 |     1 ||     4
       Beef jerky        |       |       |     1 ||     1
Armor: Robe              |     9 |    64 |     4 ||    77
       Leather armour    |       |       |    54 ||    54
Dodge: Dodged            |    17 |   122 |   135 ||   274
